TOP OF THE 1ST |
Durham Bulls batting - Pitching for Pawtucket Red Sox : RHP Alex Willerton
|
Pitching: RHP Alex Willerton
|
|
Batting: RHB Jose Arriola
|
0-0: Swinging Strike 0-1: Ball 1-1: SINGLE (Groundball, 6S, EV 67.5 MPH) (infield hit)
|
Batting: RHB Danny Diaz
|
0-0: Called Strike 0-1: Called Strike Jose Arriola steals 2nd base (no throw) 0-2: Fly out, F7 (Flyball, 7S, EV 90.0 MPH)
|
Batting: LHB Davion Lewis
|
0-0: Ball 1-0: Ball 2-0: Called Strike 2-1: Called Strike 2-2: Foul Ball, location: 2F 2-2: Ball 3-2: Foul Ball, location: 2F 3-2: Strikes out swinging
|
Batting: RHB David Ward
|
0-0: Reached on error, E5 (Groundball, 5, EV 103.1 MPH) Jose Arriola scores
|
Batting: LHB Jake Rheaume
|
0-0: Ball 1-0: Ball 2-0: Ball 3-0: Base on Balls
|
Batting: RHB Kevin Benfield
|
0-0: Ball 1-0: Called Strike 1-1: Swinging Strike 1-2: Ball 2-2: Foul Ball, location: 2F 2-2: Ball 3-2: Foul Ball, location: 2F 3-2: Base on Balls David Ward to third Jake Rheaume to second
|
Batting: RHB Paul Landes
|
0-0: Ball 1-0: Called Strike 1-1: Foul Ball, location: 2F 1-2: Foul Ball, location: 2F 1-2: SINGLE (Groundball, 4, EV 98.8 MPH) David Ward scores Jake Rheaume to third Kevin Benfield to second Runner from 3rd tries for Home, throw by RF and OUT! 9-2
|
Top of the 1st over - 2 runs, 2 hits, 1 error, 2 left on base; Durham 2 - Pawtucket 0 |
BOTTOM OF THE 1ST |
Pawtucket Red Sox batting - Pitching for Durham Bulls : RHP Julian Black
|
Pitching: RHP Julian Black
|
|
Batting: RHB John Chiesa
|
0-0: Ground out 3-1 (Groundball, 34, EV 106.2 MPH)
|
Batting: RHB Brandon Perris
|
0-0: Ball 1-0: Swinging Strike 1-1: Ball 2-1: Ball 3-1: Foul Ball, location: 2F 3-2: Base on Balls
|
Batting: SHB Ben Ervin
|
0-0: Ball 1-0: Foul Ball, location: 2F 1-1: Foul Ball, location: 2F 1-2: Ball 2-2: Ball 3-2: SINGLE (Flyball, 78S, EV 92.5 MPH) Brandon Perris to second
|
Batting: RHB Roberto Morales
|
0-0: Swinging Strike 0-1: Foul Ball, location: 2F 0-2: Ball 1-2: Strikes out swinging
|
Batting: LHB Frank Olivo
|
0-0: Ball 1-0: Foul Ball, location: 2F 1-1: Foul Ball, location: 2F 1-2: 3-RUN HOME RUN (Flyball, 89XD, EV 100.0 MPH), Distance : 390 ft
|
Batting: RHB Ernie Genier
|
0-0: Ball 1-0: Called Strike 1-1: Swinging Strike 1-2: Strikes out swinging
|
Bottom of the 1st over - 3 runs, 2 hits, 0 errors, 0 left on base; Durham 2 - Pawtucket 3 |
TOP OF THE 2ND |
Durham Bulls batting - Pitching for Pawtucket Red Sox : RHP Alex Willerton
|
Batting: RHB Antonio Pacheco
|
0-0: Ball 1-0: Ball 2-0: Swinging Strike 2-1: Foul Ball, location: 2F 2-2: Strikes out swinging
|
Batting: RHB John Downing
|
0-0: Swinging Strike 0-1: Foul Ball, location: 2F 0-2: Ball 1-2: Ground out 5-3 (Groundball, 5, EV 80.6 MPH)
|
Batting: RHB Jose Arriola
|
0-0: SINGLE (Line Drive, 89S, EV 94.4 MPH)
|
Batting: RHB Danny Diaz
|
0-0: Ball 1-0: Ball 2-0: Ball 3-0: Called Strike 3-1: Called Strike 3-2: Foul Ball, location: 2F 3-2: Base on Balls Jose Arriola to second
|
Batting: LHB Davion Lewis
|
0-0: Ball Wild Pitch! Jose Arriola to third Danny Diaz to second 1-0: Called Strike 1-1: Called Strike 1-2: Foul Ball, location: 2F 1-2: Ball 2-2: TRIPLE (Line Drive, 8RXD, EV 103.8 MPH) Jose Arriola scores Danny Diaz scores
|
Batting: RHB David Ward
|
0-0: Ball 1-0: Ball 2-0: Ball 3-0: Base on Balls
|
Batting: LHB Jake Rheaume
|
0-0: Swinging Strike 0-1: Called Strike 0-2: Ball 1-2: SINGLE (Line Drive, 56, EV 96.9 MPH) Davion Lewis scores David Ward to second
|
Pitching: RHP Mike Schroeder
|
|
Batting: RHB Kevin Benfield
|
0-0: Foul Ball, location: 2F 0-1: Ball 1-1: SINGLE (Groundball, 4MD, EV 101.2 MPH) David Ward to third Jake Rheaume to second Runner from 3rd tries for Home, SAFE, throw by CF to home
|
Batting: RHB Paul Landes
|
0-0: Ball 1-0: Ball 2-0: Reached on error, E4 (Groundball, 34D, EV 76.9 MPH) Jake Rheaume scores Kevin Benfield to third
|
Batting: RHB Antonio Pacheco
|
0-0: Ground out 5-3 (Groundball, 5, EV 84.4 MPH)
|
Top of the 2nd over - 5 runs, 4 hits, 1 error, 2 left on base; Durham 7 - Pawtucket 3 |
BOTTOM OF THE 2ND |
Pawtucket Red Sox batting - Pitching for Durham Bulls : RHP Julian Black
|
Batting: RHB Neil Mautone
|
0-0: Ball 1-0: Ball 2-0: Foul Ball, location: 2F 2-1: Foul Ball, location: 2F 2-2: Ball 3-2: Strikes out swinging
|
Batting: RHB Matt Hinkle
|
0-0: Foul Ball, location: 2F 0-1: Foul Ball, location: 2F 0-2: Strikes out swinging
|
Batting: RHB Carlos Nolasco
|
0-0: Foul Ball, location: 2F 0-1: Foul Ball, location: 2F 0-2: SINGLE (Line Drive, 78M, EV 98.8 MPH)
|
Batting: RHB John Chiesa
|
0-0: Called Strike 0-1: Foul Ball, location: 2F 0-2: Fly out, F9 (Flyball, 9LS, EV 94.4 MPH)
|
Bottom of the 2nd over - 0 runs, 1 hit, 0 errors, 1 left on base; Durham 7 - Pawtucket 3 |
TOP OF THE 3RD |
Durham Bulls batting - Pitching for Pawtucket Red Sox : RHP Mike Schroeder
|
Batting: RHB John Downing
|
0-0: Ball 1-0: Ball 2-0: Ball 3-0: Called Strike 3-1: Foul Ball, location: 2F 3-2: Foul Ball, location: 2F 3-2: SINGLE (Groundball, 6D, EV 106.2 MPH)
|
Batting: RHB Jose Arriola
|
0-0: Ball 1-0: Foul Ball, location: 2F 1-1: Foul Ball, location: 2F 1-2: Foul Ball, location: 2F 1-2: Ball 2-2: Grounds into double play, 5-4-3 (Groundball, 5L, EV 80.6 MPH)
|
Batting: RHB Danny Diaz
|
0-0: Called Strike 0-1: Ball 1-1: Foul Ball, location: 2F 1-2: Strikes out swinging
|
Top of the 3rd over - 0 runs, 1 hit, 0 errors, 0 left on base; Durham 7 - Pawtucket 3 |
BOTTOM OF THE 3RD |
Pawtucket Red Sox batting - Pitching for Durham Bulls : RHP Julian Black
|
Batting: RHB Brandon Perris
|
0-0: Ball 1-0: Ball 2-0: Ball 3-0: Called Strike 3-1: Base on Balls
|
Batting: SHB Ben Ervin
|
0-0: Called Strike 0-1: Ball 1-1: Fielders Choice at 2nd, 4-6 (Groundball, 4, EV 88.1 MPH)
|
Batting: RHB Roberto Morales
|
0-0: Ball 1-0: Called Strike 1-1: Ball 2-1: Ball 3-1: Called Strike 3-2: Base on Balls Ben Ervin to second
|
Batting: LHB Frank Olivo
|
0-0: Ball 1-0: Ball 2-0: Foul Ball, location: 2F 2-1: Ball 3-1: Fly out, F9 (Line Drive, 9S, EV 88.8 MPH)
|
Batting: RHB Ernie Genier
|
0-0: Ball 1-0: Swinging Strike 1-1: Ball 2-1: Called Strike 2-2: Ball 3-2: Foul Ball, location: 2F 3-2: Foul Ball, location: 2F 3-2: Base on Balls Ben Ervin to third Roberto Morales to second
|
Batting: RHB Neil Mautone
|
0-0: DOUBLE (Groundball, 5L, EV 103.1 MPH) Ben Ervin scores Roberto Morales scores Ernie Genier to third
|
Pitching: RHP Luis Cubero
|
|
Batting: RHB Matt Hinkle
|
0-0: Called Strike 0-1: SINGLE (Groundball, 6MD, EV 96.2 MPH) Ernie Genier scores Neil Mautone to third Runner from 3rd tries for Home, SAFE, throw by CF to home
|
Batting: RHB Carlos Nolasco
|
0-0: Ball Matt Hinkle steals 2nd base 1-0: Called Strike 1-1: Ball 2-1: Swinging Strike 2-2: Foul Ball, location: 2F 2-2: Strikes out looking
|
Bottom of the 3rd over - 4 runs, 2 hits, 0 errors, 1 left on base; Durham 7 - Pawtucket 7 |
TOP OF THE 4TH |
Durham Bulls batting - Pitching for Pawtucket Red Sox : RHP Mike Schroeder
|
Batting: LHB Davion Lewis
|
0-0: Foul Ball, location: 2F 0-1: Ball 1-1: Swinging Strike 1-2: Ball 2-2: Foul Ball, location: 2F 2-2: Strikes out swinging
|
Batting: RHB David Ward
|
0-0: Foul Ball, location: 2F 0-1: Ball 1-1: Ball 2-1: Fly out, F8 (Flyball, 78M, EV 91.9 MPH)
|
Batting: LHB Jake Rheaume
|
0-0: Ball 1-0: Called Strike 1-1: Swinging Strike 1-2: Foul Ball, location: 2F 1-2: Strikes out swinging
|
Top of the 4th over - 0 runs, 0 hits, 0 errors, 0 left on base; Durham 7 - Pawtucket 7 |
BOTTOM OF THE 4TH |
Pawtucket Red Sox batting - Pitching for Durham Bulls : RHP Luis Cubero
|
Batting: RHB John Chiesa
|
0-0: Foul Ball, location: 2F 0-1: Foul Ball, location: 2F 0-2: Reached on error, E5 (Groundball, 5, EV 88.1 MPH)
|
Batting: RHB Brandon Perris
|
0-0: Ground out 6-3 (Groundball, 56, EV 96.2 MPH)
|
Batting: SHB Ben Ervin
|
0-0: Foul Ball, location: 2F 0-1: Foul Ball, location: 2F 0-2: SINGLE (Groundball, 34D, EV 100.0 MPH) John Chiesa to third Runner from 3rd tries for Home, SAFE, throw by RF to home
|
Batting: RHB Roberto Morales
|
0-0: Ball 1-0: Ball 2-0: Called Strike 2-1: Foul Ball, location: 2F 2-2: Ball 3-2: Foul Ball, location: 2F 3-2: SINGLE (Groundball, 25, EV 63.8 MPH) (infield hit) Ben Ervin to second
|
Batting: LHB Frank Olivo
|
0-0: Called Strike 0-1: Ball 1-1: Fly out, F6 (Popup, 56, EV 78.1 MPH)
|
Batting: RHB Ernie Genier
|
0-0: Ground out 1-3 (Groundball, 13, EV 69.4 MPH)
|
Bottom of the 4th over - 1 run, 2 hits, 1 error, 2 left on base; Durham 7 - Pawtucket 8 |
TOP OF THE 5TH |
Durham Bulls batting - Pitching for Pawtucket Red Sox : RHP Mike Schroeder
|
Batting: RHB Kevin Benfield
|
0-0: Called Strike 0-1: Ball 1-1: Fly out, F7 (Flyball, 7D, EV 86.9 MPH)
|
Batting: RHB Paul Landes
|
0-0: Ball 1-0: Called Strike 1-1: Ground out 6-3 (Groundball, 6, EV 81.2 MPH)
|
Batting: RHB Antonio Pacheco
|
0-0: Called Strike 0-1: Ball 1-1: Called Strike 1-2: Ball 2-2: Foul Ball, location: 2F 2-2: Foul Ball, location: 2F 2-2: TRIPLE (Flyball, 89XD, EV 105.0 MPH)
|
Pitching: RHP Steve Capizzi
|
|
Batting: RHB John Downing
|
0-0: Swinging Strike 0-1: Called Strike 0-2: Foul Ball, location: 2F 0-2: Ball 1-2: Strikes out looking
|
Top of the 5th over - 0 runs, 1 hit, 0 errors, 1 left on base; Durham 7 - Pawtucket 8 |
BOTTOM OF THE 5TH |
Pawtucket Red Sox batting - Pitching for Durham Bulls : RHP Luis Cubero
|
Batting: RHB Neil Mautone
|
0-0: Called Strike 0-1: Ball 1-1: Swinging Strike 1-2: Ball 2-2: Strikes out swinging
|
Batting: RHB Matt Hinkle
|
0-0: Foul Ball, location: 2F 0-1: SOLO HOME RUN (Flyball, 78XD, EV 96.9 MPH), Distance : 399 ft
|
Batting: RHB Carlos Nolasco
|
0-0: Ball 1-0: Ball 2-0: Foul Ball, location: 2F 2-1: Ground out 5-3 (Groundball, 56S, EV 88.1 MPH)
|
Batting: RHB John Chiesa
|
0-0: Ball 1-0: Swinging Strike 1-1: Foul Ball, location: 2F 1-2: Ground out 5-3 (Groundball, 5L, EV 90.6 MPH)
|
Bottom of the 5th over - 1 run, 1 hit, 0 errors, 0 left on base; Durham 7 - Pawtucket 9 |
TOP OF THE 6TH |
Durham Bulls batting - Pitching for Pawtucket Red Sox : RHP Steve Capizzi
|
Batting: RHB Jose Arriola
|
0-0: Called Strike 0-1: Ball 1-1: SINGLE (Groundball, 4S, EV 69.4 MPH) (infield hit)
|
Batting: RHB Danny Diaz
|
0-0: Ball 1-0: Ball 2-0: Fly out, F8 (Flyball, 8RD, EV 97.5 MPH)
|
Batting: LHB Davion Lewis
|
0-0: Grounds into double play, 4-6-3 (Groundball, 4S, EV 83.8 MPH)
|
Top of the 6th over - 0 runs, 1 hit, 0 errors, 0 left on base; Durham 7 - Pawtucket 9 |
BOTTOM OF THE 6TH |
Pawtucket Red Sox batting - Pitching for Durham Bulls : RHP Luis Cubero
|
Batting: RHB Brandon Perris
|
0-0: Foul Ball, location: 2F 0-1: Ball 1-1: Hit by Pitch
|
Batting: SHB Ben Ervin
|
0-0: 2-RUN HOME RUN (Flyball, 9LD, EV 92.5 MPH), Distance : 355 ft
|
Pitching: LHP Parker Martinet
|
|
Batting: RHB Roberto Morales
|
0-0: Called Strike 0-1: Called Strike 0-2: Strikes out swinging
|
Batting: LHB Frank Olivo
|
0-0: Ball 1-0: Ground out 5-3 (Groundball, 56, EV 85.0 MPH)
|
Batting: RHB Ernie Genier
|
0-0: Foul Ball, location: 2F 0-1: SINGLE (Groundball, 56, EV 103.8 MPH)
|
Batting: RHB Neil Mautone
|
0-0: SINGLE (Groundball, 6MD, EV 105.6 MPH) Ernie Genier to second
|
Batting: RHB Matt Hinkle
|
0-0: Ball 1-0: Called Strike 1-1: Ball 2-1: Ball 3-1: Ground out U3 (Groundball, 23, EV 85.0 MPH)
|
Bottom of the 6th over - 2 runs, 3 hits, 0 errors, 2 left on base; Durham 7 - Pawtucket 11 |
TOP OF THE 7TH |
Durham Bulls batting - Pitching for Pawtucket Red Sox : RHP Steve Capizzi
|
Pitching: RHP Jose Escobar
|
|
Batting: RHB David Ward
|
0-0: Ball 1-0: Called Strike 1-1: Called Strike 1-2: Foul Ball, location: 2F 1-2: Strikes out swinging
|
Batting: LHB Jake Rheaume
|
0-0: Ball 1-0: SINGLE (Groundball, 56D, EV 93.8 MPH)
|
Batting: RHB Kevin Benfield
|
0-0: Foul Ball, location: 2F 0-1: Ball 1-1: Ball 2-1: Called Strike 2-2: Ball 3-2: SINGLE (Groundball, 34, EV 85.6 MPH) (infield hit) Jake Rheaume to second
|
Batting: RHB Paul Landes
|
0-0: Called Strike 0-1: Foul Ball, location: 2F 0-2: Grounds into double play, 1-6-3 (Groundball, 13, EV 64.4 MPH)
|
Top of the 7th over - 0 runs, 2 hits, 0 errors, 1 left on base; Durham 7 - Pawtucket 11 |
BOTTOM OF THE 7TH |
Pawtucket Red Sox batting - Pitching for Durham Bulls : LHP Parker Martinet
|
Batting: RHB Carlos Nolasco
|
0-0: Ball 1-0: Ball 2-0: Ball 3-0: Called Strike 3-1: Base on Balls
|
Batting: RHB John Chiesa
|
0-0: Bunted foul 0-1: Bunt missed! 0-2: Ball 1-2: Foul Ball, location: 2F 1-2: Ball 2-2: Ball 3-2: Base on Balls Carlos Nolasco to second
|
Batting: RHB Brandon Perris
|
0-0: Grounds into double play, 2-4-3 (Groundball, 2L, EV 62.5 MPH) Carlos Nolasco to third
|
Batting: SHB Ben Ervin
|
0-0: Called Strike 0-1: Ball 1-1: Ball 2-1: Swinging Strike 2-2: Foul Ball, location: 2F 2-2: Ball 3-2: Ground out 5-3 (Groundball, 56S, EV 83.1 MPH)
|
Bottom of the 7th over - 0 runs, 0 hits, 0 errors, 1 left on base; Durham 7 - Pawtucket 11 |
TOP OF THE 8TH |
Durham Bulls batting - Pitching for Pawtucket Red Sox : RHP Jose Escobar
|
Batting: RHB Antonio Pacheco
|
0-0: Ball 1-0: Ball 2-0: Called Strike 2-1: Ball 3-1: Ground out 4-3 (Groundball, 4, EV 104.4 MPH)
|
Pinch Hitting: SHB Brett McEwen
|
0-0: Called Strike 0-1: Called Strike 0-2: Ball 1-2: SOLO HOME RUN (Flyball, 9D, EV 97.5 MPH), Distance : 395 ft
|
Batting: RHB Jose Arriola
|
0-0: Ground out 5-3 (Groundball, 56, EV 76.9 MPH)
|
Batting: RHB Danny Diaz
|
0-0: Ground out U3 (Groundball, 34, EV 101.9 MPH)
|
Top of the 8th over - 1 run, 1 hit, 0 errors, 0 left on base; Durham 8 - Pawtucket 11 |
BOTTOM OF THE 8TH |
Pawtucket Red Sox batting - Pitching for Durham Bulls : LHP Parker Martinet
|
Pitching: LHP Sam Wesman
|
|
Now at 1B: Brett McEwen
|
|
Now at 2B: David Ward
|
|
Batting: RHB Roberto Morales
|
0-0: Foul Ball, location: 2F 0-1: Ball 1-1: Ball 2-1: Ground out U3 (Groundball, 3S, EV 86.2 MPH)
|
Batting: LHB Frank Olivo
|
0-0: Ball 1-0: Called Strike 1-1: Ground out 3-1 (Groundball, 34, EV 80.6 MPH)
|
Batting: RHB Ernie Genier
|
0-0: Ball 1-0: Ball 2-0: Swinging Strike 2-1: Foul Ball, location: 2F 2-2: Strikes out swinging
|
Bottom of the 8th over - 0 runs, 0 hits, 0 errors, 0 left on base; Durham 8 - Pawtucket 11 |
TOP OF THE 9TH |
Durham Bulls batting - Pitching for Pawtucket Red Sox : RHP Jose Escobar
|
Pitching: LHP John Hotham
|
|
Batting: LHB Davion Lewis
|
0-0: Swinging Strike 0-1: Ball 1-1: Ball 2-1: Ground out 1-3 (Groundball, 15S, EV 71.2 MPH)
|
Batting: RHB David Ward
|
0-0: Swinging Strike 0-1: Ball 1-1: Ball 2-1: Ball 3-1: Foul Ball, location: 2F 3-2: Foul Ball, location: 2F 3-2: Fly out, F8 (Flyball, 78M, EV 82.5 MPH)
|
Pinch Hitting: RHB Jonathan Fraire
|
0-0: Ball 1-0: Ball 2-0: Called Strike 2-1: Ground out 6-3 (Groundball, 6M, EV 91.9 MPH)
|
Top of the 9th over - 0 runs, 0 hits, 0 errors, 0 left on base; Durham 8 - Pawtucket 11 |
|